Map: Attrape-rêves EC

Players

llllllllllll - Winner!

  • Race: Protoss Protoss
  • League: Grandmaster
  • Spawn Location: 5:00

GOStephano (Stephano)

  • Race: Zerg Zerg
  • League: Master
  • Spawn Location: 11:00

VOD

Have the link to the VOD?

Description

Time

  • Played on: May 23, 2018, 4:58 a.m.
  • Length: 5:44
Show
View Real Time Build Order
Export as new Build Order

llllllllllll Protoss - Winner!

Build Orders: Cannon Rush 

Get SALT Encoding   

  12  0:00  Probe  
  13  0:13  Probe  
  14  0:17  Pylon  
  14  0:24  Probe  
  15  0:32  Probe  
  15  0:38  Forge  
  15  0:40  Probe  
  17  0:51  Probe  
  17  0:56  Pylon  
  18  1:17  Photon Cannon  
  18  1:21  Gateway  
  18  1:23  Gateway  
  18  1:27  Assimilator  
  18  1:35  Pylon  
  18  1:40  Assimilator  
  19  1:51  Photon Cannon  
  18  1:58  Photon Cannon  
  18  2:08  Cybernetics Core  
  18  2:20  Photon Cannon  
  18  2:33  Photon Cannon  
  18  2:35  Probe  
  19  2:42  Stalker  
  19  2:48  Stalker  
  21  2:53  Shield Battery  
  23  3:06  Pylon  
  23  3:08  Shield Battery  
  23  3:32  Stalker, Shield Battery  
  25  3:39  Shield Battery  
  25  3:43  Probe  
  25  3:47  Stalker  
  26  3:48  Photon Cannon  
  28  4:05  Photon Cannon  
  28  4:20  Pylon  
  28  4:27  Stalker  
  28  4:29  Stalker  
  32  4:50  Photon Cannon  
  32  4:57  Stalker  
  34  5:07  Stalker  
  36  5:29  Shield Battery  
Show
View Real Time Build Order
Export as new Build Order

GOStephano Zerg 

Build Orders: Hatch First 

Get SALT Encoding   

  12  0:00  Drone  
  13  0:12  Overlord  
  13  0:17  Drone  
  14  0:30  Drone x2  
  16  0:49  Hatchery  
  15  0:51  Drone  
  15  0:54  Drone  
  17  0:58  Drone  
  18  1:09  Extractor  
  17  1:15  Spawning Pool  
  17  1:17  Drone  
  17  1:20  Drone  
  18  1:27  Drone  
  19  2:03  Spine Crawler x2, Zergling x6  
  19  2:04  Spine Crawler, Zergling x2  
  20  2:08  Queen  
  22  2:25  Zergling x2  
  22  2:28  Zergling x4  
  21  2:30  Zergling x2  
  21  2:36  Zergling x4  
  24  2:39  Spine Crawler  
  22  2:52  Zergling x4  
  24  3:04  Spawning Pool  
  21  3:34  Drone x3  
  23  3:52  Metabolic Boost  
  23  3:54  Queen  
  23  3:55  Spine Crawler  
  24  3:56  Spine Crawler, Zergling x8  
  24  3:58  Overlord  
  27  4:11  Zergling x2  
  27  4:18  Spine Crawler, Zergling x6  
  28  4:26  Spine Crawler  
  28  4:29  Spine Crawler  
  28  4:33  Zergling x4  
  28  4:47  Zergling x4  
  27  4:58  Zergling x4  
  27  5:04  Zergling x2  
  27  5:05  Zergling x2  
  28  5:20  Zergling x4  
Tags
 
Add a new tag
Caveats
  • Supply blocks, unpowered buildings, or Contaminate may cause inaccurate times.
  • Supply counts are checked every 10 seconds.